 Dungeon Crawl Stone Soup version 0.24-a0-201-gf205589 (webtiles) character file.

Game seed: 1935535596380761279

45 Matarice the Chopper (level 3, -1/29 HPs)
             Began as a Demigod Warper on Mar 22, 2019.
             Slain by Terence
             ... wielding a +0 flail
              (8 damage)
             ... on level 2 of the Dungeon.
             The game lasted 00:08:26 (1347 turns).

Matarice the Chopper (Demigod Warper)               Turns: 1347, Time: 00:08:27

Health: -1/29      AC:  3    Str: 16    XL:     3   Next: 25%
Magic:  8/8        EV: 12    Int: 17    God:
Gold:   101        SH:  0    Dex: 15    Spells: 6/6 levels left

rFire    . . .     SeeInvis .   a - +0 hand axe
rCold    . . .     Gourm    .   (no shield)
rNeg     . . .     Faith    .   b - +0 leather armour
rPois    .         Spirit   .   (no helmet)
rElec    .         Reflect  .   (no cloak)
rCorr    .         Harm     .   (no gloves)
MR       .....                  (no boots)
Stlth    +.........             (no amulet)
HPRegen  0.09/turn              (no ring)
MPRegen  0.11/turn              (no ring)

@: no status effects
A: high mp 1
a: no special abilities


You were on level 2 of the Dungeon.
You were hungry.

You visited 1 branch of the dungeon, and saw 2 of its levels.

You collected 101 gold pieces.

Inventory:

Hand Weapons
 a - a +0 hand axe (weapon)
 i - a +0 short sword of speed
 r - a +0 mace
Missiles
 e - 5 tomahawks of dispersal (quivered)
 j - 7 tomahawks
Armour
 b - a +0 leather armour (worn)
Jewellery
 k - an uncursed ring of protection from fire {unknown}
Scrolls
 c - a scroll of immolation {unknown}
 d - a scroll of blinking
 l - 2 scrolls of enchant weapon {unknown}
 m - 2 scrolls of fear {unknown}
 n - 2 scrolls of teleportation {unknown}
 p - a scroll of identify {unknown}
 s - a scroll of random uselessness {unknown}
Potions
 g - 2 potions of curing {unknown}
 h - 2 potions of agility {unknown}
 o - a potion of magic {unknown}
Comestibles
 f - 2 rations
 q - 4 chunks of flesh


   Skills:
 - Level 1.7 Fighting
 * Level 3.1 Axes
 - Level 0.8 Throwing
 + Level 1.0 Armour
 + Level 2.1 Dodging
 - Level 2.0 Spellcasting
   Level 2.6 Translocations


You had 6 spell levels left.
You didn't know any spells.
Your spell library contained the following spells:

 Spells                   Type           Power        Failure   Level  Hunger
 Blink                    Tloc           N/A          12%         2    ###....
 Shroud of Golubria       Chrm/Tloc      #.........   21%         2    ###....
 Gell's Gravitas          Tloc           ##........   24%         3    ###....
 Lesser Beckoning         Tloc           ##........   24%         3    ###....
 Teleport Other           Tloc           ##......     24%         3    ###....
 Passage of Golubria      Tloc           N/A          61%         4    #####..


Dungeon Overview and Level Annotations

Branches:
Dungeon (2/15)

Annotations:
D:2 Natasha, Sigmund, Terence


Innate Abilities, Weirdness & Mutations

You have an increased reservoir of magic. (+10% MP)


Message History

You hit Terence.
Terence is heavily wounded.
Terence closely misses you.
You closely miss Terence.
Terence is heavily wounded.
Terence hits you with a +0 flail.
You barely miss Terence.
Terence is heavily wounded.
Terence barely misses you.
You barely miss Terence.
Terence is heavily wounded.
Terence hits you with a +0 flail.
* * * LOW HITPOINT WARNING * * *
You hit Terence but do no damage.
Terence is heavily wounded.
Terence misses you.
You hit Terence but do no damage.
Terence is heavily wounded.
Terence hits you with a +0 flail!
You die...

+....+.....(. #....#####.#.
######### #....# #...
#.......####....### ###.
+.......'.....(...## #.
#.......#########..# #. ##..
#.......# ##.# #. ... #.......#
#.## #. [ #.. #......@###### #..#
#. h #.. #......@.....######.###.
#. ..#####........†...#.......##.
#.###.................#..........
#h†h÷......#####......#....)..##.
#.....(....#####......#........#.
#.....................#......#.#.
#)...........[........#......#.#.
#.....####............#......#...


You could see Terence.

Vanquished Creatures
  An ooze (D:1)
  A worm (D:2)
  2 dart slugs (D:1)
  A giant cockroach (D:2)
  3 goblins
  3 hobgoblins (D:1)
  6 jackals (D:1)
  A ball python (D:2)
  5 bats
  5 kobolds
  5 rats (D:1)
33 creatures vanquished.

Notes
Turn   | Place    | Note
-------+----------+-------------------------------------------
     0 | D:1      | Matarice the Demigod Warper began the quest for the Orb.
     0 | D:1      | Reached XP level 1. HP: 17/17 MP: 5/5
   223 | D:1      | Reached skill level 2 in Axes
   233 | D:1      | Reached XP level 2. HP: 16/24 MP: 7/7
   903 | D:1      | Reached skill level 1 in Armour
   958 | D:1      | Reached XP level 3. HP: 29/29 MP: 8/8
  1208 | D:2      | Reached skill level 3 in Axes
  1286 | D:2      | Noticed Natasha
  1309 | D:2      | Noticed Sigmund
  1309 | D:2      | Noticed Terence
  1347 | D:2      | Slain by Terence

Levels and vault maps discovered:
D:1:      ncdulo_lavacross, layout_loops_corners
D:2:      layout_basic, minitemple, uniq_sigmund, uniq_terence, uniq_natasha

Skill      XL: |  1  2  3 |
---------------+----------+-----
Dodging        | 2 |  2.1
Spellcasting   | 2 |  2.0
Axes           | 2 3 |  3.1
Armour         | 1 |  1.0
Fighting       | |  1.7
Throwing       | |  0.8
Translocations | |  2.6

Action                   || total
-------------------------++-------
Melee: Hand axe          ||   129
  Eat: Chunk             ||     1
Armor: Leather armour    ||    50
Dodge: Dodged            ||   102

Table legend:
 A = Non-vault XP
 B = Vault XP
 C = Vault XP percentage of total XP
 D = Non-vault monster count
 E = Vault monster count
 F = Vault count percentage of total count
                 A         B        C        D         E       F
            +---------+---------+-------+---------+---------+-------
      Total |      65 |       0 |   0.0 |      33 |       0 |   0.0
            +---------+---------+-------+---------+---------+-------
        D:1 |      50 |       0 |   0.0 |      26 |       0 |   0.0
        D:2 |      15 |       0 |   0.0 |       7 |       0 |   0.0
            +---------+---------+-------+---------+---------+-------
